 Dungeon Crawl Stone Soup version 0.29.1-12-g30fa7ad0bf (webtiles) character file.

Game seed: 9803055380830983085

1085 sanboga the Shield-Bearer (level 8, -2/53 (63) HPs)
             Began as a Formicid Fighter on Dec 12, 2022.
             Was an Initiate of Okawaru.
             Slain by a wight
             ... wielding a +0 battleaxe
              (3 damage)
             ... on level 6 of the Dungeon.
             The game lasted 00:04:42 (4922 turns).

sanboga the Shield-Bearer (Formicid Fighter)        Turns: 4922, Time: 00:04:43

HP:   -2/53 (63)    AC: 17    Str: 23    XL:     8   Next: 55%
MP:   8/8           EV:  6    Int:  8    God:    Okawaru [......]
Gold: 218           SH:  5    Dex: 13    Spells: 7/7 levels left

rFire   . . .      SeeInvis +   a - +0 flail
rCold   . . .      Faith    .   c - +0 buckler
rNeg    . . .      Spirit   .   n - +0 plate armour
rPois   +          Reflect  .   (helmet unavailable)
rElec   .          Harm     .   u - +2 cloak
rCorr   .          Rampage  .   (no gloves)
Will    .....                   q - +0 pair of boots
Stlth   ..........              (no amulet)
HPRegen 0.17/turn               y - ring of poison resistance
MPRegen 0.11/turn               (no ring)

@: heavily drained
A: permanent stasis, dig shafts and tunnels, antennae 3, four strong arms
a: Dig, Shaft Self, Renounce Religion


You were on level 6 of the Dungeon.
You worshipped Okawaru.
Okawaru was noncommittal.
You visited 2 branches of the dungeon, and saw 7 of its levels.

You collected 218 gold pieces.

Inventory:

Hand Weapons
 a - a +0 flail (weapon)
Armour
 c - a +0 buckler (worn)
 n - a +0 plate armour (worn)
 q - a +0 pair of boots (worn)
 u - a +2 cloak (worn)
Jewellery
 y - a ring of poison resistance (left hand)
Wands
 x - a wand of polymorph (9)
Scrolls
 e - 2 scrolls of identify {unknown}
 f - a scroll of enchant weapon {unknown}
 g - 3 scrolls of magic mapping {unknown}
 i - 3 scrolls of teleportation {unknown}
 j - a scroll of torment {unknown}
 k - a scroll of brand weapon {unknown}
 r - a scroll of fear {unknown}
 v - a scroll of blinking {unknown}
 w - a scroll of noise {unknown}
 z - a scroll of summoning {unknown}
Potions
 b - 4 potions of flight {unknown}
 d - 2 potions of might
 h - 2 potions of lignification {unknown}
 l - 2 potions of curing {unknown}
 o - a potion of invisibility {unknown}
 p - a potion of attraction {unknown}
 s - a potion of cancellation {unknown}


   Skills:
 + Level 5.6 Fighting
 * Level 6.3 Maces & Flails
 + Level 5.6 Armour
 + Level 6.8 Shields


You had 7 spell levels left.
You didn't know any spells.
Your spell library contained the following spells:

 Spells                   Type           Power      Damage    Failure   Level
 Cause Fear               Hex            0%         N/A       100%        4
 Iskenderun's Battlesphe  Conj           0%         2d6       100%        5
 Iron Shot                Conj/Erth      0%         9d1       100%        6
 Dragon Form              Tmut           0%         N/A       100%        7
 Spellforged Servitor     Conj/Summ      Unusable   N/A       N/A         7
 Dragon's Call            Summ           Unusable   N/A       N/A         9

Dungeon Overview and Level Annotations

Branches:
Dungeon (6/15)             Temple (1/1) D:5

Altars:
Fedhas
Hepliaklqana
Kikubaaqudgha
Okawaru
Qazlal
Sif Muna
Trog
Wu Jian
Xom
Yredelemnul
Zin
The Shining One

Shops:
D:5 :


Innate Abilities, Weirdness & Mutations

You cannot be hasted, slowed, berserked, paralysed or teleported.
You can dig through walls and to a lower floor.
You have a pair of large antennae on your head. (SInv)
Your four strong arms can wield two-handed weapons with a shield.


Message History

You block the wight's attack. x2
You sock the wight!
You destroy the wight!
Okawaru accepts your kill. The wight hits you with a +0 battleaxe.
You hit the wight but do no damage. The wight hits you with a +0 battleaxe.
You feel drained. The wight hits you with a +0 battleaxe!
You feel drained.
You closely miss the wight. You block the wight's attack.
You sock the wight!
The wight is moderately damaged.
The wight barely misses you.
You closely miss the wight.
The wight is moderately damaged.
The wight hits you with a +0 battleaxe!
You hit the wight.
The wight is heavily damaged.
The wight hits you but does no damage.
You barely miss the wight.
The wight is heavily damaged.
The wight hits you but does no damage.
You hit the wight but do no damage.
The wight is heavily damaged.
The wight hits you with a +0 battleaxe!
* * * LOW HITPOINT WARNING * * *
You feel drained.
You are too injured to fight recklessly!
You are too injured to fight recklessly!
You are too injured to fight recklessly!
You are too injured to fight recklessly!
You are too injured to fight recklessly!
You are too injured to fight recklessly!
You hit the wight but do no damage.
The wight is heavily damaged.
The wight closely misses you.
You hit the wight.
The wight is severely damaged.
The wight hits you with a +0 battleaxe!
* * * LOW HITPOINT WARNING * * *
You feel drained.
You die...

#. #. #. #. #. #.
#. #. #.## #. ..#
#z##########.#
#)@........#.###
#..............#
#..######....#.####
...... #.)###<....
###..... #..#
###### #.......
....#
##.....####.##
##...## #.# ##.##
#.#


You could see a wight.

Vanquished Creatures
  A water moccasin (D:5)
  Duvessa (D:4)
  2 phantoms (D:5)
  A necrophage (D:5)
  A scorpion (D:5)
  2 wights (D:6)
  Dowan (D:4)
  A howler monkey (D:5)
  2 hounds (D:5)
  2 jellies (D:5)
  A bullfrog zombie (D:5)
  Crazy Yiuf (D:4)
  2 iguanas
  An orc wizard (D:5)
  A scorpion zombie (D:5)
  6 adders
  2 worms (D:2)
  2 dart slugs (D:2)
  6 orcs
  4 ball pythons
  13 endoplasms
  A goblin (D:2)
  6 hobgoblins (D:1)
  6 jackals (D:1)
  3 quokkas
  2 training dummies (D:4)
  8 bats
  3 frilled lizards
  4 kobolds
  11 rats
97 creatures vanquished.

Notes
Turn   | Place    | Note
-------+----------+-------------------------------------------
     0 | D:1      | sanboga the Formicid Fighter began the quest for the Orb.
     0 | D:1      | Reached XP level 1. HP: 18/18 MP: 1/1
    44 | D:1      | Reached XP level 2. HP: 17/24 MP: 2/2
   217 | D:1      | Found a faded altar of an unknown god.
   271 | D:1      | Reached XP level 3. HP: 25/29 MP: 3/3
   916 | D:2      | Reached XP level 4. HP: 35/37 MP: 4/4
  2354 | D:3      | Found a bloodstained altar of Trog.
  2623 | D:4      | Reached XP level 5. HP: 42/42 MP: 5/5
  2738 | D:4      | Reached skill level 5 in Shields
  2802 | D:4      | Found a runed translucent door.
  2803 | D:4      | Noticed Crazy Yiuf
  3081 | D:4      | Noticed Duvessa
  3081 | D:4      | Noticed Dowan
  3091 | D:4      | Killed Duvessa
  3092 | D:4      | Reached XP level 6. HP: 35/49 MP: 6/6
  3121 | D:4      | Killed Dowan
  3394 | D:4      | Killed Crazy Yiuf
  3673 | D:5      | Entered Level 5 of the Dungeon
  3673 | D:5      | Found Tobizaol's Book Shop.
  3682 | D:5      | Reached XP level 7. HP: 48/55 MP: 7/7
  3790 | D:5      | Noticed a water moccasin
  3805 | D:5      | Killed a water moccasin
  3806 | D:5      | Reached skill level 5 in Maces & Flails
  3818 | D:5      | Reached skill level 5 in Fighting
  3818 | D:5      | Reached skill level 5 in Armour
  4250 | D:5      | Reached XP level 8. HP: 43/62 MP: 8/8
  4458 | D:5      | Found a staircase to the Ecumenical Temple.
  4484 | Temple   | Entered the Ecumenical Temple
  4484 | Temple   | Found a transporter.
  4484 | Temple   | Found a transporter.
  4486 | Temple   | Found a transporter.
  4486 | Temple   | Found a transporter.
  4514 | Temple   | Became a worshipper of Warmaster Okawaru
  4707 | D:5      | Found a basalt altar of Yredelemnul.
  4799 | D:5      | Found a stormy altar of Qazlal.
  4922 | D:6      | HP: 1/55 [wight/+0 battleaxe (14)]
  4922 | D:6      | Slain by a wight

Illustrated notes

Levels and vault maps discovered:
D:1:      minmay_arrival_loop, layout_rooms, serial_bayou,
          serial_bayou_crossing, serial_bayou_shore_b, serial_bayou_pond_d,
          serial_bayou_pond_d, shapermc_ecumenical_altar_ellora,
          serial_bayou_pond_b, hex_intersection, amethyst_killhole
D:2:      layout_basic
D:3:      layout_loops_cross, bloody_trog
D:4:      dreamdust_elfheim, layout_rooms, uniq_crazy_yiuf_cottage
D:5:      layout_gridville, grunt_qazlal_clouds,
          lemuel_zombie_altar_yredelemnul, minmay_temple_entry_slanted,
          serial_shops, nicolae_stop_n_shop_2
D:6:      layout_loops_ring, grunt_gozag_statues, nicolae_ashenzari_skybound,
          mainiacjoe_overflow_24_doors
Temple:   hellmonk_temple_divided_pantheon

Skill      XL: |  1  2  3  4  5  6  7  8 |
---------------+-------------------------+-----
Maces & Flails | 3 4 5 6 |  6.3
Armour         | 4 5 |  5.6
Fighting       | 4 5 |  5.6
Shields        | 5 6 |  6.8

Action                   |  1- 3 |  4- 6 |  7- 9 || total
-------------------------+-------+-------+-------++-------
Melee: Flail             |    93 |   159 |   149 ||   401
  Use: Potion            |       |     1 |       ||     1
       Scroll            |       |       |     2 ||     2
Armor: Scale mail        |    63 |    13 |       ||    76
       Plate armour      |       |   102 |    96 ||   198
Dodge: Dodged            |    66 |    58 |    41 ||   165
Block: Buckler           |    41 |    42 |    41 ||   124
